 Dungeon Crawl Stone Soup version 0.32-a0-646-g91cf321817 (webtiles) character file.

Game seed: 8118321953309424656

133 GordonOverkill the Sneak (level 4, -2/28 HPs)
             Began as a Deep Elf Delver on Mar 8, 2024.
             Frozen to death by an endoplasm (4 damage)
             ... in a sewer.
             The game lasted 00:04:26 (1548 turns).

GordonOverkill the Sneak (Deep Elf Delver)          Turns: 1548, Time: 00:04:26

Health: -2/28      AC:  3    Str:  9    XL:     4   Next: 93%
Magic:  6/6        EV: 12    Int: 17    God:
Gold:   89         SH:  0    Dex: 16    Spells: 3/3 levels left

rFire   . . .        f - +0 rapier
rCold   . . .        (no shield)
rNeg    . . .        b - +0 leather armour
rPois   .            (no helmet)
rElec   .            (no cloak)
rCorr   .            (no gloves)
SInv    .            (no boots)
Will    .....        (no amulet)
Stlth   +++          (no ring)
HPRegen 0.24/turn    (no ring)
MPRegen 0.10/turn

%: no passive effects
@: attractive
A: no striking features
a: no special abilities


You were in a sewer.
You visited 1 branch of the dungeon, and saw 3 of its levels.
You also visited: Sewer.

You collected 89 gold pieces.

Inventory:

Hand Weapons
 f - a +0 rapier (weapon)
Armour
 b - a +0 leather armour (worn)
Wands
 g - a wand of digging (3)
Scrolls
 c - a scroll of fog
 d - a scroll of revelation
Potions
 h - 2 potions of attraction


   Skills:
 - Level 3.0 Fighting
 + Level 4.7 Short Blades
 - Level 2.4 Dodging
 - Level 6.0 Stealth


You had 3 spell levels left.
You didn't know any spells.
Your spell library contained the following spells:

 Spells                   Type           Power      Damage    Failure   Level
 Lesser Beckoning         Tloc           0%         N/A       45%         2
 Gell's Gravitas          Tloc           0%         N/A       69%         3
 Teleport Other           Tloc           0%         N/A       69%         3


Dungeon Overview and Level Annotations

Branches:
Dungeon (6/15)              Sewer (1/1)
 Temple: D:4-7

Altars:


Message History

* * * LOW HITPOINT WARNING * * *
You hit the bullfrog.
You kill the bullfrog!
The frilled lizard closely misses you.
Training target 4.0 for Short Blades reached!
Your Short Blades skill increases to level 4!
You need to enable at least one skill for training.
Unknown command.
Unknown command.
You hit the frilled lizard.
The frilled lizard is heavily wounded.
The frilled lizard barely misses you.
An endoplasm comes into view.
The endoplasm is attracted toward you.
You hit the frilled lizard.
You kill the frilled lizard!
The endoplasm completely misses you.
You hit the endoplasm.
The endoplasm is moderately wounded.
The endoplasm hits you.
* * * LOW HITPOINT WARNING * * *
The dart slug is attracted toward you.
You hit the endoplasm.
You kill the endoplasm!
An endoplasm comes into view.
The dart slug launches a dart at you. The slug dart misses you.
The endoplasm is attracted toward you. x2
You hit the dart slug.
The dart slug is heavily wounded.
You completely miss the dart slug.
The dart slug is heavily wounded.
The endoplasm splashes around in the water.
The dart slug launches a dart at you. The slug dart hits you.
* * * LOW HITPOINT WARNING * * *
You hit the dart slug.
The dart slug is severely wounded.
The endoplasm freezes you.
You are frozen.
You die...

#~~~###~~~###~~~~#
##†.##~~.~.~~##~~~#
##~†##~.~~~~†~~##~~##
#~~.~~~.~~~~..~~#~÷~#
#~~~~~#######†~~##~~#
#######~###~~~.≈##~~~#~~#
#~~.~.###.~~~~~~ ##.~#~†~
#~~..~#.wJJJ~~§~ #.†##.~
#~~~.~#.@# ##†~#~.
#~.#~.#..# #~~#~~
#~.#.~#.~# #~~#~~
#~~#†##~.# #~~#~~
#~~#.#~~~# #~.#~~
#~~#~#∩~~# #~~#~~
#†~#~#..~## ##~~#..
#~†#~###~~# #~.##†.
#..#~~~#~~## ##~†#~..


You could see a dart slug and 2 endoplasms.

Vanquished Creatures
  A bullfrog (Sewer)
  An adder (Sewer)
  4 dart slugs (Sewer)
  An orc (D:5)
  11 ball pythons (Sewer)
  6 endoplasms (Sewer)
  12 giant cockroaches
  A goblin (D:4)
  A hobgoblin (D:4)
  3 quokkas (D:4)
  14 frilled lizards (Sewer)
55 creatures vanquished.

Notes
Turn   | Place    | Note
-------+----------+-------------------------------------------
     0 | D:5      | GordonOverkill the Deep Elf Delver began the quest for the
                  | Orb.
     0 | D:5      | Reached XP level 1. HP: 13/13 MP: 3/3
    59 | D:6      | Noticed a scorpion
   124 | D:5      | Noticed an orc priest
   240 | D:6      | Noticed an orc wizard
   240 | D:6      | Noticed a black bear
   366 | D:4      | Found a glowing drain.
   375 | D:4      | Reached XP level 2. HP: 14/19 MP: 4/4
   406 | Sewer    | Entered a sewer
   558 | Sewer    | Reached XP level 3. HP: 13/23 MP: 5/5
  1497 | Sewer    | Reached XP level 4. HP: 28/28 MP: 6/6
  1532 | Sewer    | Noticed a bullfrog
  1541 | Sewer    | Killed a bullfrog
  1548 | Sewer    | Frozen to death by an endoplasm

Illustrated notes

Levels and vault maps discovered:
D:4:      layout_loops_ring, minmay_temple_entry_statues_fountains,
          gup_sewer_entry_pipe, uniq_grinder
D:5:      layout_loops_ring
D:6:      layout_loops_cross, uniq_menkaure
Sewer:    sewer_frog_island_02

Skill      XL: |  1  2  3  4 |
---------------+-------------+-----
Fighting       | 3 |  3.0
Short Blades   | 3 4 |  4.7
Dodging        | |  2.4
Stealth        | |  6.0

Action                     |  1- 3 |  4- 6 || total
---------------------------+-------+-------++-------
  Melee: Short sword       |    15 |       ||    15
         Rapier            |   137 |    20 ||   157
    Use: Potion            |     1 |     2 ||     3
         Scroll            |     1 |       ||     1
   Stab: Sleeping          |     1 |       ||     1
 Armour: Leather armour    |    99 |    25 ||   124
  Dodge: Dodged            |   103 |    25 ||   128

Table legend: (Time is in decaauts)
 A = Elapsed time spent in this place.
 B = Non-inter-level travel time spent in this place.
 C = Inter-level travel time spent in this place.
 D = Time resting spent in this place.
 E = Time spent auto-exploring this place.
 F = Levels seen in this place.
 G = Mean time per level.
                   A        B        C        D        E       F      G
               +--------+--------+--------+--------+--------+-----+--------+
         Total |   1603 |   1558 |     45 |    772 |     62 |   4 |  400.8 |
       Dungeon |    391 |    346 |     45 |     38 |      0 |   3 |  130.3 |
         Sewer |   1212 |   1212 |      0 |    734 |     62 |   1 | 1212.0 |
               +--------+--------+--------+--------+--------+-----+--------+

Top non-repeatable levels by time:
   Sewer: 1212 daAuts
     D:5: 164 daAuts
     D:4: 149 daAuts
     D:6: 76 daAuts
